 Dungeon Crawl Stone Soup version 0.29.1-13-g9f3cf754e1 (webtiles) character file.

Game seed: 1186642225437459309

5696 theswoord the Cruncher (level 10, -3/70 (71) HPs)
             Began as a Demonspawn Gladiator on Jan 23, 2023.
             Was an Elder of Okawaru.
             Shot with an arrow by a centaur (6 damage)
             ... on level 9 of the Dungeon.
             The game lasted 00:22:56 (9291 turns).

theswoord the Cruncher (Demonspawn Gladiator)       Turns: 9291, Time: 00:22:57

HP:   -3/70 (71)    AC: 18    Str: 17    XL:     10   Next: 47%
MP:   10/10         EV:  6    Int:  9    God:    Okawaru [****..]
Gold: 564           SH:  4    Dex: 17    Spells: 9/9 levels left

rFire   . . .      SeeInvis .   p - +6 lajatang (venom)
rCold   . . .      Faith    .   (shield currently unavailable)
rNeg    . . .      Spirit   .   n - +1 plate armour
rPois   .          Reflect  .   c - +0 helmet
rElec   .          Harm     .   z - +1 cloak {Stlth+}
rCorr   .          Rampage  .   (no gloves)
Will    .....                   (no boots)
Stlth   ..........              (no amulet)
HPRegen 0.21/turn               (no ring)
MPRegen 0.12/turn               (no ring)

@: about to teleport, slowed, lightly drained, very slow
A: hooves 2, yellow scales 2, powered by death 2, condensation shield
a: Renounce Religion, Heroism, Finesse


You were on level 9 of the Dungeon.
You worshipped Okawaru.
Okawaru was greatly pleased with you.
You visited 2 branches of the dungeon, and saw 10 of its levels.
You also visited: Bailey.

You collected 664 gold pieces.
You spent 100 gold pieces at shops.

Inventory:

Hand Weapons
 a - a +0 quarterstaff of electrocution
 p - a +6 lajatang of venom (weapon)
 x - a +3 quarterstaff of chaos
Missiles
 e - 5 javelins (quivered)
Armour
 b - a +0 leather armour
 c - a +0 helmet (worn)
 d - +2 ice dragon scales
 n - a +1 plate armour (worn)
 q - a +0 cloak
 z - a +1 cloak of stealth (worn)
Jewellery
 r - a ring of flight
 w - an amulet of reflection
Wands
 y - a wand of roots (5)
Scrolls
 o - 2 scrolls of fog
 t - a scroll of noise
 A - a scroll of amnesia
 B - 2 scrolls of magic mapping
 C - a scroll of poison {unknown}
 D - 3 scrolls of silence
Potions
 f - 3 potions of heal wounds
 g - a potion of degeneration
 h - 2 potions of berserk rage
 j - a potion of mutation {unknown}
 k - 5 potions of might
 l - 5 potions of lignification
 m - 3 potions of flight
 s - 4 potions of resistance
 v - 2 potions of brilliance


   Skills:
 + Level 4.0 Fighting
 * Level 13.8 Staves
 - Level 1.7 Throwing
 + Level 2.9 Armour
 - Level 2.6 Dodging
 + Level 0.0 Spellcasting


You had 9 spell levels left.
You didn't know any spells.
Your spell library was empty.

Dungeon Overview and Level Annotations

Branches:
Dungeon (9/15)             Temple (1/1) D:4          Bailey (visited)
   Lair: D:8-11         Orc: D:9-12

Altars:
Cheibriados
Dithmenos
Fedhas
Gozag
Kikubaaqudgha
Makhleb
Nemelex Xobeh
Okawaru
Qazlal
Ru
Sif Muna
Trog
Uskayaw
Vehumet
Xom
Yredelemnul

Shops:
D:1 [   D:8 ?

Annotations:
D:4 3 runed translucent doors, Garym's ghost, amateur MiFi
D:8 4 transporters


Innate Abilities, Weirdness & Mutations

You have hoof-like feet.
You are mostly covered in yellow scales. (AC +3)
You regenerate health from kills.
A meltable shield of frost defends you. (SH +4)


Message History

You are more poisoned.
The centaur shoots an arrow.
The arrow barely misses you. The vampire mosquito bites you.
The vampire mosquito draws strength from your injuries!
The gnoll sergeant hits you but does no damage.
The jumping spider leaps!
As you read the scroll of teleportation, it crumbles to dust.
You feel strangely unstable.
You feel extremely sick.
The vampire mosquito bites you but does no damage.
The centaur shoots an arrow.
The arrow hits you but does no damage. The vampire mosquito barely misses you.
The jumping spider leaps!
The centaur shoots an arrow.
The arrow hits you but does no damage. The gnoll sergeant closely misses you.
The vampire mosquito bites you but does no damage.
The centaur shoots an arrow.
The arrow completely misses you.
You feel better.
Your surroundings suddenly seem different.
A wight and a kobold come into view.
The kobold throws a stone.
The stone hits you but does no damage. The kobold attacks as you move away!
The kobold hits you but does no damage.
The jumping spider leaps! x2
As you read the scroll of teleportation, it crumbles to dust.
You feel strangely unstable. The kobold hits you but does no damage.
The kobold hits you with a +0 club. The kobold hits you but does no damage.
The two-headed ogre hits you with a +0 giant club!
* * * LOW HITPOINT WARNING * * *
The two-headed ogre hits you with a +0 giant club!
* * * LOW HITPOINT WARNING * * *
The jumping spider leaps!
The kobold hits you but does no damage. The kobold completely misses you.
The wight hits you with a +0 great sword.
* * * LOW HITPOINT WARNING * * *
You feel drained.
The jumping spider leaps!
Blink to where?
Press: ? - help, Dir - move target
As you read the scroll of blinking, it crumbles to dust.
Your icy envelope is restored.
The centaur shoots an arrow.
The arrow hits you.
You die...

### .#.# ##.# ##.##
..... #... #.@.#
..#..##..####.#..#
...........#......#
................ .#
................. #
.......z°..O.s.###
.......KK.......##
........KcK......
.......g.........


You could see a two-headed ogre, a jumping spider, a kobold brigand, a centaur
and 2 kobolds.

Vanquished Creatures
  2 two-headed ogres (D:9)
  Maggie (D:8)
  A shadow (D:9)
  2 steam dragons
  Menkaure (D:5)
  An acid dragon (D:8)
  2 water moccasins
  Duvessa (D:4)
  7 orc warriors
  2 sky beasts
  2 ogres
  A centaur (D:5)
  A phantom (D:7)
  2 kobold brigands (D:8)
  5 scorpions
  6 bullfrogs
  4 wights (D:9)
  Dowan (D:4)
  A killer bee (D:9)
  A howler monkey (D:5)
  A crimson imp (D:8)
  4 hounds
  2 jellies
  2 gnoll boudas
  3 orc priests
  Crazy Yiuf (D:4)
  2 iguanas (D:5)
  5 orc wizards
  16 gnolls
  6 adders
  2 shadow imps
  An ufetubus (D:6)
  A worm (D:3)
  5 dart slugs
  54 orcs
  12 bats
  8 endoplasms
  3 giant cockroaches (D:3)
  9 goblins
  5 hobgoblins
  4 jackals (D:2)
  3 quokkas
  4 ball pythons
  6 frilled lizards
  8 kobolds
  11 rats
222 creatures vanquished.

Vanquished Creatures (collateral kills)
  A kobold (D:4)
1 creature vanquished.

Grand Total: 223 creatures vanquished

Notes
Turn   | Place    | Note
-------+----------+-------------------------------------------
     0 | D:1      | theswoord the Demonspawn Gladiator began the quest for the
                  | Orb.
     0 | D:1      | Reached XP level 1. HP: 16/16 MP: 1/1
   181 | D:1      | Reached skill level 3 in Staves
   231 | D:1      | Gained mutation: You regenerate a little health from kills.
                  | [demonic ancestry]
   231 | D:1      | Reached XP level 2. HP: 18/22 MP: 2/2
   304 | D:1      | Noticed an eye of devastation
   306 | D:1      | Found a faded altar of an unknown god.
   307 | D:1      | Noticed a great orb of eyes
   307 | D:1      | Noticed a shining eye
   307 | D:1      | Noticed a golden eye
   698 | D:1      | Found Lawoet's Armour Shop.
   794 | D:1      | Gained mutation: You have large cloven feet. [demonic
                  | ancestry]
   794 | D:1      | Reached XP level 3. HP: 27/27 MP: 3/3
  1108 | D:2      | Reached skill level 4 in Staves
  1554 | D:2      | Found a shadowy altar of Dithmenos.
  1767 | D:2      | Reached XP level 4. HP: 32/33 MP: 4/4
  2325 | D:3      | Noticed a sky beast
  2333 | D:3      | Killed a sky beast
  2334 | D:3      | Reached skill level 5 in Staves
  2334 | D:3      | Gained mutation: A meltable shield of frost defends you.
                  | (SH +4) [demonic ancestry]
  2334 | D:3      | Reached XP level 5. HP: 38/38 MP: 5/5
  3430 | D:4      | Reached skill level 6 in Staves
  3448 | D:4      | Gained mutation: You have hoof-like feet. [demonic
                  | ancestry]
  3448 | D:4      | Reached XP level 6. HP: 35/44 MP: 6/6
  3961 | D:4      | Noticed Duvessa
  3961 | D:4      | Noticed Dowan
  3974 | D:4      | Killed Duvessa
  3975 | D:4      | Reached skill level 7 in Staves
  3984 | D:4      | Killed Dowan
  3985 | D:4      | Gained mutation: You are partially covered in yellow
                  | scales. (AC +2) [demonic ancestry]
  3985 | D:4      | Reached XP level 7. HP: 47/50 MP: 7/7
  4151 | D:4      | Noticed Garym's ghost (amateur MiFi)
  4153 | D:4      | Found a runed translucent gate.
  4155 | D:4      | Found a runed translucent gate.
  4155 | D:4      | Identified the +3 dagger "Kolaoh" {venom, rPois rCorr Str-5
                  | Dex+5}
  4155 | D:4      | Identified the +3 chain mail "Dityts" {rN+}
  4156 | D:4      | Found a runed translucent gate.
  4290 | D:4      | Found a staircase to the Ecumenical Temple.
  4401 | Temple   | Entered the Ecumenical Temple
  4411 | Temple   | Became a worshipper of Warmaster Okawaru
  4505 | D:4      | Found a runed translucent door.
  4506 | D:4      | Noticed Crazy Yiuf
  4616 | D:4      | Killed Crazy Yiuf
  4702 | D:5      | Entered Level 5 of the Dungeon
  4718 | D:4      | Reached skill level 8 in Staves
  4927 | D:5      | Reached skill level 9 in Staves
  4927 | D:5      | Gained mutation: You regenerate health from kills. [demonic
                  | ancestry]
  4927 | D:5      | Reached XP level 8. HP: 50/56 MP: 8/8
  5231 | D:5      | Noticed Menkaure
  5242 | D:5      | Killed Menkaure
  5242 | D:5      | Reached * piety under Okawaru
  5770 | D:6      | Identified a scroll of acquirement
  5770 | D:6      | Acquired a +5 lajatang of venom
  6274 | D:6      | You fall into a shaft and drop 3 floors!
  6277 | D:9      | Noticed a two-headed ogre
  6284 | D:9      | Reached skill level 10 in Staves
  6290 | D:9      | Killed a two-headed ogre
  6291 | D:9      | Reached skill level 11 in Staves
  6291 | D:9      | Gained mutation: You are mostly covered in yellow scales.
                  | (AC +3) [demonic ancestry]
  6291 | D:9      | Reached XP level 9. HP: 61/61 MP: 9/9
  6324 | D:9      | Found a bloodstained altar of Trog.
  6354 | D:9      | Noticed a two-headed ogre
  6386 | D:9      | Reached ** piety under Okawaru
  6513 | D:9      | Reached skill level 12 in Staves
  6524 | D:9      | Killed a two-headed ogre
  6541 | D:7      | Found a flagged portal.
  6543 | D:7      | Reached *** piety under Okawaru
  6551 | D:7      | Reached skill level 13 in Staves
  6570 | Bailey   | Entered a bailey
  6881 | Bailey   | Reached skill level 1 in Armour
  6881 | Bailey   | Reached XP level 10. HP: 68/68 MP: 10/10
  7914 | D:8      | Noticed Maggie
  7928 | D:8      | Killed Maggie
  7928 | D:8      | Reached **** piety under Okawaru
  8305 | D:8      | Found a burning altar of Makhleb.
  8412 | D:8      | Found a transporter.
  8414 | D:8      | Found a transporter.
  8416 | D:8      | Found a transporter.
  8490 | D:8      | Found a transporter.
  8771 | D:8      | Found Jihobrax's Magic Scroll Emporium.
  8779 | D:8      | Bought 3 scrolls of identify for 60 gold pieces
  8779 | D:8      | Bought a scroll of identify for 20 gold pieces
  8779 | D:8      | Bought a scroll of identify for 20 gold pieces
  8849 | D:8      | HP: 2/71 [poisoned by a gnoll sergeant]
  9285 | D:9      | Noticed a two-headed ogre
  9290 | D:9      | HP: 2/71 [wight/+0 great sword (4)]
  9291 | D:9      | Shot with an arrow by a centaur

Skill      XL: |  1  2  3  4  5  6  7  8  9 10 |
---------------+-------------------------------+-----
Staves         | 3 4 5 6 7 9 11 13 | 13.8
Armour         | 1 2 |  2.9
Fighting       | 4 |  4.0
Throwing       | |  1.7
Dodging        | |  2.6

Action                   |  1- 3 |  4- 6 |  7- 9 | 10-12 || total
-------------------------+-------+-------+-------+-------++-------
Melee: Quarterstaff      |   119 |   130 |    81 |       ||   330
       Kick              |     8 |    34 |    55 |    35 ||   132
       Lajatang          |       |       |   134 |   129 ||   263
Throw: Throwing net      |       |     2 |     2 |       ||     4
       Javelin           |       |       |       |     1 ||     1
  Use: Scroll            |       |     9 |     3 |    14 ||    26
       Potion            |       |       |       |     4 ||     4
 Stab: Held in net/web   |       |     2 |       |       ||     2
       Distracted        |       |     1 |       |       ||     1
Armor: Leather armour    |    53 |       |       |       ||    53
       Plate armour      |    13 |    61 |   117 |   118 ||   309
       Ice dragon scales |       |       |       |     1 ||     1
Dodge: Dodged            |   100 |    30 |    40 |    31 ||   201
Block: Other             |       |     9 |    58 |    20 ||    87

Levels and vault maps discovered:
D:1:      ncdulo_lavacross, layout_basic,
          hellmonk_ecumenical_altar_watching_god, serial_shops, shop,
          st_stairs_7
D:2:      layout_basic, basic_altar, chequers_serial_rivers_micro_c
D:3:      layout_basic, mrwooster_statue_mirror
D:4:      minmay_door_path, layout_loops_cross,
          minmay_temple_entry_proselytizer, biasface_ghost_orc_armoury,
          grunt_decor_arrowhead, uniq_crazy_yiuf_cottage, uniq_duvessa
D:5:      layout_cave_pods, uniq_menkaure
D:6:      layout_loops_ring
D:7:      layout_basic, enter_bailey_6, minivault_22
D:8:      layout_rooms, makhleb_grotto_becter, serial_shops,
          nicolae_shop_statue_plus, nrook_mini_vaults, nicolae_diode_quadrants,
          uniq_maggie
D:9:      minmay_the_grid_net [minmay_the_grid_rooms,
          minmay_the_grid_aliased_spiral, minmay_the_grid_broken_lines,
          minmay_the_grid_square_x, minmay_the_grid_spin_star,
          minmay_the_grid_prize_four_corners], layout_cross,
          nzn_wu_jian_council_hall, lemuel_round_altar, nicolae_overflow_squiral
Temple:   sentei_temple_godly_chess
